 Dungeon Crawl Stone Soup version 0.13.0-19-g8e0b589 (webtiles) character file.

146 Malachi the Skirmisher (level 4, -1/48 HPs)
             Began as an Ogre Berserker on Oct 24, 2013.
             Was a Believer of Trog.
             Slain by Crazy Yiuf
             ... wielding a +3,+3 quarterstaff of chaos
              (17 damage)
             ... on Level 2 of the Dungeon.
             The game lasted 00:03:04 (1686 turns).

Malachi the Skirmisher (Ogre Berserker)             Turns: 1686, Time: 00:03:05

HP  -1/48        AC  3     Str 23      XL: 4   Next: 50%
MP   3/3         EV 10     Int  6      God: Trog [**....]
Gold 60          SH  0     Dex  9      Spells:  0 memorised,  3 levels left

Res.Fire  : . . .   See Invis. : .   a - +0 mace
Res.Cold  : . . .   Warding    : .   b - +0 animal skin
Life Prot.: . . .   Conserve   : .   (shield restricted)
Res.Poison: .       Res.Corr.  : .   (helmet restricted)
Res.Elec. : .       Clarity    : .   (no cloak)
Sust.Abil.: . .     Spirit.Shd : .   (gloves unavailable)
Res.Mut.  : .       Stasis     : .   (boots unavailable)
Res.Rott. : .       Flight     : .   (no amulet)
Saprovore : + . .                    (no ring)
                                     (no ring)

@: slightly resistant to hostile enchantments, very unstealthy
A: unfitting armour, fast metabolism 1, saprovore 1, tough skin 1
a: Burn Spellbooks, Berserk, Trog's Hand, Renounce Religion


You were on level 2 of the Dungeon.
You worshipped Trog.
Trog was pleased with you.
You were not hungry.

You visited 1 branch of the dungeon, and saw 2 of its levels.

You collected 40 gold pieces.

Inventory:

Hand weapons
 a - a +0,+0 mace (weapon)
Missiles
 i - 8 javelins (quivered)
 o - 11 stones
Armour
 b - a +0 animal skin (worn)
Comestibles
 c - a meat ration
Scrolls
 f - 4 scrolls of identify {unknown}
 g - a scroll of remove curse
 l - a scroll of enchant armour {unknown}
 m - a scroll of recharging {unknown}
Potions
 d - a potion of curing {unknown}
 e - a potion of might {unknown}
 j - a potion of magic {unknown}
 k - 2 potions of brilliance {unknown}
 n - a potion of agility {unknown}


   Skills:
 + Level 4.9 Fighting
 + Level 4.7 Maces & Flails
 + Level 4.0 Dodging
 + Level 0.1 Stealth


You had 3 spell levels left.
You didn't know any spells.

Dungeon Overview and Level Annotations

Branches:
Dungeon (2/27)

Altars:

Annotations:
D:2 Crazy Yiuf


Innate Abilities, Weirdness & Mutations

You are too large for most types of armour.
You have a fast metabolism.
You can tolerate rotten meat.
You have tough skin (AC +1).


Message History

The fungus is almost destroyed.
You sock the fungus!
You destroy the fungus!
You are near starving!
You open the door.
Crazy Yiuf comes into view.
He is wielding a quarterstaff of chaos.
Crazy Yiuf shouts!
Found a hammer.
Use which ability? (? or * to list) You're too hungry to go berserk.
Use which ability? (? or * to list) You're too hungry to go berserk.
Eat which item? (? for menu, Esc to quit)
You continue eating.
Crazy Yiuf yells, "You light bush!"
Crazy Yiuf hits you with a quarterstaff of chaos!
You continue eating.
Crazy Yiuf screams, "Dawk action Xom!"
Crazy Yiuf hits you with a quarterstaff of chaos!
You die...

..................#####.#####
....##...........## #.#
###.............## #.# #
#...########### ### ###...###
........##♣♣♣ ......####♣♣♣
♣♣♣# ###
#####.#...f♣♣♣♣♣♣#..)# #
#.....f♣♣♣♣♣@g...#
###...ff.♣..♣#...#
##....♣.♣♣♣# ### ###♣♣♣♣♣♣♣♣
#♣♣♣♣♣♣


You could see Crazy Yiuf.

Vanquished Creatures
  Ijyb (D:2)
  3 adders (D:2)
  A ball python (D:1)
  A bat (D:2)
  2 giant cockroaches (D:1)
  7 hobgoblins
  5 jackals (D:1)
  4 kobolds
  A quokka (D:2)
  4 giant newts (D:1)
  8 goblins
  4 rats
  A fungus (D:2)
42 creatures vanquished.

Notes
Turn   | Place    | Note
--------------------------------------------------------------
     0 | D:1      | Malachi, the Ogre Berserker, began the quest for the Orb.
     0 | D:1      | Reached XP level 1. HP: 23/23 MP: 0/0
     6 | D:1      | Noticed an anaconda
     6 | D:1      | Noticed a black bear
     6 | D:1      | Noticed a swamp drake
   151 | D:1      | Reached XP level 2. HP: 20/32 MP: 1/1
   557 | D:1      | Acquired Trog's second power
   557 | D:1      | Reached XP level 3. HP: 37/39 MP: 2/2
  1226 | D:2      | Noticed Ijyb
  1242 | D:2      | Killed Ijyb
  1242 | D:2      | Reached XP level 4. HP: 32/48 MP: 3/3
  1682 | D:2      | Noticed Crazy Yiuf
  1686 | D:2      | Slain by Crazy Yiuf

Action                   |  1- 3 |  4- 6 || total
-------------------------+-------+-------++-------
Melee: Mace              |   125 |    33 ||   158
  Use: Scroll            |     4 |       ||     4
       Potion            |     1 |       ||     1
